Map: Ice and Chrome LE

Players

Throwfordays - Winner!

  • Race: Protoss Protoss
  • League: Silver
  • Spawn Location: 7:00

VOD

Have the link to the VOD?

Description

Time

  • Played on: July 6, 2020, 6:32 p.m.
  • Length: 7:48
Show
View Real Time Build Order
Export as new Build Order

Throwfordays Protoss - Winner!

Build Orders:  

Get SALT Encoding   

  12  0:04  Probe (Chrono Boost)  
  13  0:18  Pylon  
  13  0:28  Probe (Chrono Boost)  
  14  0:44  Forge  
  14  0:49  Probe (Chrono Boost)  
  15  1:00  Probe (Chrono Boost)  
  16  1:13  Probe (Chrono Boost)  
  16  1:16  Pylon  
  17  1:34  Pylon  
  17  2:00  Photon Cannon  
  17  2:01  Photon Cannon  
  17  2:03  Pylon  
  17  2:10  Photon Cannon  
  17  2:26  Pylon  
  17  2:37  Photon Cannon  
  17  3:02  Photon Cannon  
  17  3:14  Photon Cannon  
  17  3:15  Pylon  
  17  3:49  Gateway  
  17  3:54  Photon Cannon  
  17  3:57  Pylon  
  17  4:06  Pylon  
  17  4:33  Photon Cannon  
  17  4:36  Photon Cannon  
  17  4:37  Photon Cannon  
  17  5:02  Pylon  
  17  5:14  Cybernetics Core  
  17  5:31  Photon Cannon  
  17  5:37  Photon Cannon  
  17  5:59  Pylon  
  17  6:07  Zealot  
  19  6:16  Assimilator  
  19  6:19  Probe (Chrono Boost)  
  19  6:21  Assimilator  
  20  6:30  Probe (Chrono Boost)  
  21  6:44  Probe (Chrono Boost)  
  21  6:49  Photon Cannon  
  22  6:50  Photon Cannon  
  22  6:57  Zealot  
  25  7:01  Probe (Chrono Boost)  
  25  7:18  Probe (Chrono Boost)  
  26  7:25  Shield Battery  
Tags
 
League
Silver
Matchup
Co-op
Replay Pack
Multiplayer
Add a new tag
Caveats
  • Supply blocks, unpowered buildings, or Contaminate may cause inaccurate times.
  • Supply counts are checked every 10 seconds.